 Dungeon Crawl Stone Soup version 0.20-a0-738-gb057e68 (webtiles) character file.

3761 polly the Blocker (level 10, -1/91 HPs)
             Began as a Gargoyle Fighter on Feb 24, 2017.
             Was a Follower of Okawaru.
             Killed from afar by an oklob plant (3 damage)
             ... with a splash of acid
             ... on level 9 of the Dungeon.
             The game lasted 00:16:54 (8723 turns).

polly the Blocker (Gargoyle Fighter)                Turns: 8723, Time: 00:16:55

Health: -1/91      AC: 23    Str: 25    XL:     10   Next: 15%
Magic:  10/10      EV:  7    Int: 10    God:    Okawaru [*.....]
Gold:   656        SH: 12    Dex: 11    Spells: 9/9 levels left

rFire    . . .     SeeInvis .   a - +0 flail
rCold    . . .     Gourm    .   u - +0 plate armour
rNeg     + . .     Faith    +   c - +0 shield
rPois    ∞         Spirit   .   (no helmet)
rElec    +         Reflect  .   m - +0 cloak
rCorr    .         Harm     .   E - +0 pair of gloves
MR       .....                  e - +0 pair of boots
Stlth    ..........             o - amulet of faith
Regen    0.3/turn               (no ring)
MPRegen  0.2/turn               y - +5 ring of protection

@: berserking, corroded, flying, very quick
A: big wings, rugged brown scales 1, thin metallic scales 1, negative energy
resistance 1, electricity resistance, unbreathing, petrification resistance, rot
immunity, AC +7
a: Stop Flying, Heroism, Renounce Religion


You were on level 9 of the Dungeon.
You worshipped Okawaru.
Okawaru was aware of your devotion.
You were not hungry.

You visited 2 branches of the dungeon, and saw 10 of its levels.

You collected 656 gold pieces.

Inventory:

Hand Weapons
 a - a +0 flail (weapon)
Missiles
 w - 7 silver javelins (quivered)
Armour
 c - a +0 shield (worn)
 e - a +0 pair of boots (worn)
 m - a +0 cloak (worn)
 u - a +0 plate armour (worn)
 E - a +0 pair of gloves (worn)
Jewellery
 o - an amulet of faith (around neck)
 y - a +5 ring of protection (left hand)
 M - an uncursed ring of ice {unknown}
 N - an uncursed ring of protection from magic {unknown}
Wands
 k - a wand of iceblast (5/15)
 x - a wand of paralysis (12/24)
 C - a wand of enslavement (21/24)
 L - a wand of lightning (10/15)
Scrolls
 b - 4 scrolls of identify
 h - a scroll of amnesia {unknown}
 l - 7 scrolls of magic mapping
 n - a scroll of holy word {unknown}
 p - 4 scrolls of fog {unknown}
 q - 2 scrolls of immolation {unknown}
 s - 3 scrolls of teleportation
 t - 3 scrolls of enchant weapon {unknown}
 v - 2 scrolls of blinking {unknown}
 D - a scroll of noise {unknown}
 F - 3 scrolls of fear {unknown}
 I - 3 scrolls of remove curse {unknown}
 J - a scroll of recharging {unknown}
Potions
 g - a potion of lignification
 z - a potion of mutation
 A - a potion of flight
 K - a potion of invisibility {unknown}
Books
 i - Sif Muna's Volume of the Entourage
   (You found it on level 3 of the Dungeon)

   Spells                             Type                      Level
   a - Summon Butterflies             Summoning                    1
 B - a book of Minor Magic

   Spells                             Type                      Level
   a - Magic Dart                     Conjuration                  1
   b - Blink                          Translocation                2
   c - Call Imp                       Summoning                    2
   d - Slow                           Hexes                        2
   e - Conjure Flame                  Conjuration/Fire             3
   f - Mephitic Cloud                 Conjuration/Poison/Air       3
 G - a book of Frost

   Spells                             Type                      Level
   a - Freeze                         Ice                          1
   b - Throw Frost                    Conjuration/Ice              2
   c - Ozocubu's Armour               Charms/Ice                   3
   d - Throw Icicle                   Conjuration/Ice              4
   e - Summon Ice Beast               Ice/Summoning                4
Miscellaneous
 r - a phantom mirror
Comestibles
 d - 2 fruits
 f - 5 bread rations
 j - a meat ration


   Skills:
 + Level 6.2 Fighting
 + Level 8.8 Maces & Flails
 + Level 6.6 Armour
 + Level 3.0 Dodging
 + Level 0.5 Stealth
 + Level 9.4 Shields


You had 9 spell levels left.
You didn't know any spells.

Dungeon Overview and Level Annotations

Branches:
Dungeon (9/15)             Temple (1/1) D:7            Lair (0/6) D:9
    Orc: D:9-12

Altars:
Ashenzari
Cheibriados
Dithmenos
Elyvilon
Fedhas
Gozag
Hepliaklqana
Kikubaaqudgha
Makhleb
Nemelex Xobeh
Okawaru
Qazlal
Ru
Sif Muna
Trog
Uskayaw
Vehumet
Wu Jian
Xom
Yredelemnul
Zin
The Shining One

Shops:
D:5 (*   D:6 ?

Annotations:
D:3 1 exclusion
D:9 exclusion: oklob plant


Innate Abilities, Weirdness & Mutations

You are resistant to torment.
Your stone body is resilient. (AC +7)
You are immune to poison.
You resist negative energy. (rN+)
You are resistant to electric shocks. (rElec)
You can survive without breathing.
You are immune to petrification.
You are immune to rotting.
Your large and strong wings let you fly indefinitely.
You are partially covered in rugged brown scales. (AC +1, +3% HP)
You are partially covered in thin metallic scales. (AC +2)


Message History

The oklob plant is heavily damaged.
The oklob plant spits acid at you. The splash of acid hits you!
* * * LOW HITPOINT WARNING * * *
You are splashed with acid!
The acid burns!
* * * LOW HITPOINT WARNING * * *
It was a potion of berserk rage.
A red film seems to cover your vision as you go berserk!
You feel yourself moving faster!
You feel mighty!
You hit the oklob plant but do no damage.
The oklob plant is moderately damaged.
The oklob plant spits acid at you. The splash of acid hits you!
The acid corrodes you!
You are splashed with acid!
The acid burns!
* * * LOW HITPOINT WARNING * * *
You hit the oklob plant but do no damage.
The oklob plant is moderately damaged.
The oklob plant spits acid at you. The splash of acid hits you!
You die...

#.##.##...# *,**,,* *,,#..
#.##.##...# *,**,,* *,,#..
#.##.##...# *,,>,,****,,#..
#.##.##...#####.***,,,,,,,#..
#....##.........* *,,,,,,,#..
#....##..###############**###
#..#.##..#PPP#♣.P♣PP♣PP#P,,,*
#..#.....#.P#..♣PPPPPPPPPP.,,
#..#.....#PP@....#P.P♣#♣PPPP.
#..#.....##%%♣PP..PP.P.♣PPPP,
#..#..#..#.P.PPP♣.......PPPP#
#..#..#..#♣P%PPP..≈≈≈≈≈..PPPP
#..#..#..#PPPP...≈≈≈≈≈≈≈..P♣P
#..#..#..#P♣♣♣..≈≈≈≈≈≈≈≈≈..PP
#..#=.#..#PP♣P.≈≈≈≈≈≈≈≈≈≈≈..♣
#..#..#..#PPPP.≈≈≈≈...≈≈≈≈.##
#..#..#..#.PPP......_.≈≈≈≈...


You could see an oklob plant.

Vanquished Creatures
  The ghost of aty692 the Ducker, an amateur MiFi (D:3)
  Grinder (D:3)
  Sigmund (D:2)
  A hungry ghost (D:6)
  A sky beast (D:9)
  A necrophage (D:7)
  3 orc warriors (D:7)
  4 ogres
  A centaur (D:9)
  6 bullfrogs
  2 scorpions
  6 killer bees (D:9)
  A howler monkey (D:4)
  4 crimson imps
  A bullfrog zombie (D:6)
  2 jellies
  A centaur skeleton (D:7)
  6 orc priests
  A hound (D:6)
  A bullfrog skeleton (D:7)
  2 iguanas
  13 orc wizards
  6 worker ants
  Robin (D:3)
  A howler monkey zombie (D:5)
  8 gnolls
  8 adders
  A shadow imp (D:8)
  An ooze (D:4)
  2 adder skeletons
  8 worms
  A dart slug (D:2)
  2 leopard geckos
  34 orcs
  2 ball pythons
  4 giant cockroaches (D:3)
  11 goblins
  18 hobgoblins
  10 jackals
  4 kobolds
  4 quokkas
  A ball python skeleton (D:5)
  6 bats
  3 frilled lizards (D:4)
  A jackal skeleton (D:4)
  A jackal zombie (D:5)
  7 rats
  3 fungi (D:9)
208 creatures vanquished.

Vanquished Creatures (others)
  An orc wizard (D:3)
  2 fungi (D:9)
  2 plants (D:9)
  13 toadstools (D:9)
18 creatures vanquished.

Grand Total: 226 creatures vanquished

Notes
Turn   | Place    | Note
-------+----------+-------------------------------------------
     0 | D:1      | polly the Gargoyle Fighter began the quest for the Orb.
     0 | D:1      | Reached XP level 1. HP: 14/14 MP: 1/1
   152 | D:1      | Reached XP level 2. HP: 19/19 MP: 2/2
   564 | D:2      | Reached XP level 3. HP: 20/24 MP: 3/3
   801 | D:2      | Reached XP level 4. HP: 27/29 MP: 2/4
   802 | D:2      | Reached skill level 4 in Shields
  1064 | D:2      | Noticed Sigmund
  1079 | D:2      | Killed Sigmund
  1079 | D:2      | Reached skill level 1 in Dodging
  1079 | D:2      | Reached XP level 5. HP: 23/33 MP: 5/5
  1079 | D:2      | Reached XP level 6. HP: 27/38 MP: 6/6
  1216 | D:2      | Found a glowing silver altar of Zin.
  1384 | D:3      | Noticed aty692's ghost (amateur MiFi)
  1404 | D:3      | Killed aty692's ghost
  1404 | D:3      | Reached XP level 7. HP: 26/44 MP: 7/7
  1431 | D:3      | Noticed Grinder
  1431 | D:3      | Paralysed by Grinder for 4 turns
  1445 | D:3      | Reached skill level 5 in Shields
  1448 | D:3      | Paralysed by Grinder for 5 turns
  1479 | D:3      | Paralysed by Grinder for 4 turns
  1533 | D:3      | Noticed Robin
  1653 | D:3      | Killed Robin
  1885 | D:3      | Found a deep blue altar of Sif Muna.
  1925 | D:3      | Reached skill level 5 in Maces & Flails
  1938 | D:3      | Paralysed by Grinder for 5 turns
  1956 | D:3      | Found a burning altar of Makhleb.
  1973 | D:3      | Paralysed by Grinder for 7 turns
  1980 | D:3      | Gained mutation: Your magical capacity is low. (-10% MP) [potion of mutation]
  1980 | D:3      | Gained mutation: Your muscles are strong. (Str +2) [potion of mutation]
  1980 | D:3      | HP: 1/44 [Grinder/nerve-wracking pain (6)]
  2267 | D:3      | Lost mutation: Your magical capacity is low. (-10% MP) [potion of mutation]
  2267 | D:3      | Lost mutation: Your muscles are strong. (Str +2) [potion of mutation]
  2267 | D:3      | Gained mutation: Your large and strong wings let you fly indefinitely. [potion of mutation]
  2267 | D:3      | Gained mutation: Your body sometimes deteriorates upon taking damage. [potion of mutation]
  2267 | D:3      | Gained mutation: You have large cloven feet. [potion of mutation]
  2267 | D:3      | Gained mutation: Your mind is acute. (Int +2) [potion of mutation]
  2268 | D:3      | Lost mutation: You have large cloven feet. [potion of mutation]
  2268 | D:3      | Lost mutation: Your body sometimes deteriorates upon taking damage. [potion of mutation]
  2268 | D:3      | Lost mutation: Your mind is acute. (Int +2) [potion of mutation]
  2268 | D:3      | Gained mutation: You are partially covered in rugged brown scales. (AC +1, +3% HP) [potion of mutation]
  2268 | D:3      | Gained mutation: You are partially covered in thin metallic scales. (AC +2) [potion of mutation]
  2291 | D:3      | Killed Grinder
  2464 | D:3      | Identified Sif Muna's Volume of the Entourage
  2472 | D:3      | Reached XP level 8. HP: 16/49 MP: 6/8
  3089 | D:4      | Reached skill level 6 in Shields
  3351 | D:4      | Reached skill level 5 in Fighting
  3634 | D:4      | Reached skill level 5 in Armour
  3763 | D:5      | Entered Level 5 of the Dungeon
  3904 | D:5      | Found Woapnoos's Whimsical Warehouse.
  3942 | D:5      | Found a shimmering altar of Xom.
  4133 | D:5      | Found Ostaof's Antique Weapon Emporium.
  4637 | D:6      | Found a shattered altar of Ashenzari.
  4637 | D:6      | Found a glowing golden altar of the Shining One.
  4637 | D:6      | Found an ancient bone altar of Kikubaaqudgha.
  4638 | D:6      | Found a bloodstained altar of Trog.
  4638 | D:6      | Found a hazy altar of Hepliaklqana.
  4638 | D:6      | Found a snail-covered altar of Cheibriados.
  5039 | D:6      | Reached skill level 7 in Shields
  5052 | D:6      | Found Jetsilye's Magic Scroll Emporium.
  5285 | D:7      | Reached XP level 9. HP: 33/55 MP: 9/9
  5664 | D:7      | Reached skill level 8 in Shields
  5705 | D:7      | Found a staircase to the Ecumenical Temple.
  5980 | Temple   | Entered the Ecumenical Temple
  6163 | Temple   | Became a worshipper of Warmaster Okawaru
  6918 | D:8      | Found a faded altar of an unknown god.
  6918 | D:8      | Found a faded altar of an unknown god.
  6923 | D:8      | Found a sparkling altar of Nemelex Xobeh.
  6925 | D:8      | Found a sacrificial altar of Ru.
  6928 | D:8      | Found a blossoming altar of Fedhas.
  7606 | D:9      | Reached * piety under Okawaru
  7688 | D:9      | HP: 3/84 [iguana (6)]
  8073 | D:9      | Reached skill level 9 in Shields
  8073 | D:9      | Reached XP level 10. HP: 56/61 MP: 10/10
  8150 | D:9      | Found a staircase to the Lair.
  8640 | D:9      | Found a blossoming altar of Fedhas.
  8667 | D:9      | Noticed an oklob plant
  8722 | D:9      | HP: 1/91 [acid (12)]
  8723 | D:9      | Killed from afar by an oklob plant

Vault maps used:
D:1:      minmay_arrival_four_houses, minmay_cut_off
D:2:      zin_scriptorium, uniq_sigmund
D:3:      led_sif_book, old_standard_altar, gup_sewer_entry_bowl, corexii_shack,
          uniq_robin, uniq_grinder, uniq_natasha
D:4:      serial_glass, glass_columns_c, glass_columns_a, glass_columns_b,
          glass_columns_b, first_bread, kennysheep_small_square
D:5:      nicolae_overflow_crystal_walls, serial_shops,
          nicolae_shop_overgrown_old_shop, nicolae_alphabet_shops,
          minmay_misc_feat_five
D:6:      grunt_temple_overflow_open, serial_shops, nicolae_shop_stone,
          st_stairs_8
D:7:      minmay_temple_entry_water_ring
D:8:      chequers_temple_overflow_minitemple
D:9:      dpeg_oklobed_lair, grunt_ogre_cave, tgw_fedhas
Temple:   grunt_temple_mini_profane

Skill      XL: |  1  2  3  4  5  6  7  8  9 10 |
---------------+-------------------------------+-----
Shields        | 4 5 7 9 |  9.4
Fighting       | 4 5 6 |  6.2
Maces & Flails | 4 5 7 8 |  8.8
Armour         | 4 5 6 |  6.6
Dodging        | 1 2 3 |  3.0
Stealth        | |  0.5

Action                   |  1- 3 |  4- 6 |  7- 9 | 10-12 || total
-------------------------+-------+-------+-------+-------++-------
Melee: Flail             |   122 |    96 |   892 |   178 ||  1288
 Abil: Fly               |       |       |     1 |       ||     1
  Use: Potion            |       |       |    15 |     3 ||    18
       Scroll            |       |       |       |     3 ||     3
  Eat: Chunk             |       |     2 |    13 |       ||    15
       Meat ration       |       |       |     1 |       ||     1
       Bread ration      |       |       |     2 |     1 ||     3
       Royal jelly       |       |       |     2 |       ||     2
       Fruit             |       |       |     1 |       ||     1
Armor: Scale mail        |    73 |    22 |       |       ||    95
       Chain mail        |       |    33 |   516 |       ||   549
       Plate armour      |       |       |   115 |   189 ||   304
       Skin              |       |       |    21 |       ||    21
Dodge: Dodged            |    41 |    30 |   239 |    73 ||   383
Block: Shield            |    65 |    49 |   561 |   153 ||   828
